 Dungeon Crawl Stone Soup version 0.17-a0-1942-g46ae386 (webtiles) character file.

77 shakdrar the Charmwright (level 4, -4/30 HPs)
             Began as a High Elf Skald on Sept 30, 2015.
             Was an Initiate of Ru.
             Slain by a worm (11 damage)
             ... on level 3 of the Dungeon.
             The game lasted 00:11:11 (3419 turns).

shakdrar the Charmwright (High Elf Skald)           Turns: 3419, Time: 00:11:12

Health: -4/30      AC:  4    Str: 12    XL:     4   Next: 13%
Magic:  9/9        EV: 11    Int: 15    God:    Ru [......]
Gold:   156        SH:  0    Dex: 15    Spells: 2 memorised, 6 levels left

rFire  . . .     SeeInvis .     a - +0 falchion
rCold  . . .     Clarity  .     b - +1 leather armour
rNeg   . . .     SustAt   .     (no shield)
rPois  .         Gourm    .     (no helmet)
rElec  .         Spirit   .     (no cloak)
rCorr  .         Warding  .     (no gloves)
rMut   .         Stasis   .     (no boots)
MR     .....                    (no amulet)
Stlth  ++........               (no ring)
                                m - ring of stealth

@: not resistant to hostile enchantments, unstealthy
A: no striking features
a: Renounce Religion


You were on level 3 of the Dungeon.
You worshipped Ru.
Ru was noncommittal.
You were very hungry.

You visited 1 branch of the dungeon, and saw 3 of its levels.

You collected 156 gold pieces.

Inventory:

Hand weapons
 a - a +0 falchion (weapon)
 p - a +2 quarterstaff of crushing
Armour
 b - a +1 leather armour (worn)
Jewellery
 m - a ring of stealth (left hand)
Scrolls
 e - 2 scrolls of remove curse
 l - a scroll of amnesia {unknown}
 n - 2 scrolls of identify
Potions
 f - a potion of invisibility
 g - a potion of curing
 j - a potion of lignification {unknown}
 k - 2 potions of haste {unknown}
 o - a potion of ambrosia {unknown}
Books
 c - a book of Battle

   Spells                             Type                      Level
   a - Infusion                       Charms                       1
   b - Shroud of Golubria             Charms/Translocation         2
   c - Song of Slaying                Charms                       2
   d - Spectral Weapon                Hexes/Charms                 3
   e - Regeneration                   Charms/Necromancy            3
Comestibles
 d - a bread ration
 h - a meat ration
 i - a fruit


   Skills:
 + Level 2.6 Fighting
 * Level 3.4 Long Blades
 + Level 1.0 Armour
 + Level 1.1 Dodging
 - Level 3.2 Spellcasting
 - Level 4.2 Charms


You had 6 spell levels left.
You knew the following spells:

 Your Spells              Type           Power        Failure   Level  Hunger
a - Infusion              Chrm           ###...       4%          1    #......
b - Song of Slaying       Chrm           ###.....     8%          2    ##.....


Dungeon Overview and Level Annotations

Branches:
Dungeon (3/15)

Altars:
Elyvilon
Ru


Message History

You are feeling very hungry.
The worm bites you but does no damage.
You slash the worm!
The worm is almost dead.
You hit the worm.
The worm is almost dead.
The worm bites you but does no damage.
You barely miss the worm.
The worm is almost dead.
The worm bites you!
* * * LOW HITPOINT WARNING * * *
You hit the worm.
The worm is almost dead.
You hit the worm.
The worm is almost dead.
The worm closely misses you.
You barely miss the worm.
The worm is almost dead.
The worm bites you!
You die...

#.# #.# #.# #.# #.#
#.#########
#########.########
#.........<
...#...........#..
############
####.####.####.#.# ..
#.#.......#.#.##.####
#.#.##.##.#.#w.......
####.#.#...#.#.#@......#
........._.............#
.###.#.#...#.#.#.......#
...#.#.##.##.#.#.......#
...#.#[......#.#....$.>#
...#.####.####.#.......#
...#...........#!.......
...######.#########.#.#.
....# #..# .#.#


You could see a worm.

Vanquished Creatures
  2 adders
  A ball python (D:2)
  7 goblins
  2 hobgoblins
  11 jackals
  8 kobolds
  2 quokkas (D:2)
  5 bats
  4 giant cockroaches
  4 giant newts
  12 rats
58 creatures vanquished.

Notes
Turn   | Place    | Note
--------------------------------------------------------------
     0 | D:1      | shakdrar the High Elf Skald began the quest for the Orb.
     0 | D:1      | Reached XP level 1. HP: 14/14 MP: 4/4
   267 | D:1      | Reached XP level 2. HP: 12/19 MP: 6/6
   502 | D:1      | Reached skill level 4 in Charms
  1238 | D:1      | Reached XP level 3. HP: 22/24 MP: 8/8
  1871 | D:2      | Found a white marble altar of Elyvilon.
  2172 | D:2      | Learned a level 2 spell: Song of Slaying
  2325 | D:2      | Found a white marble altar of Elyvilon.
  2636 | D:3      | Found a sacrificial altar of Ru.
  2645 | D:3      | Became a worshipper of Ru the Awakened
  2671 | D:3      | Reached skill level 1 in Armour
  2671 | D:3      | Reached XP level 4. HP: 24/30 MP: 9/9
  3419 | D:3      | Slain by a worm

Vault maps used:
D:1:      minmay_arrival_open_corners
D:2:      lemuel_round_altar, kennysheep_another_room, elyvilon_altar_3
D:3:      first_bread, nicolae_ru_sacrificial_ziggurat

Action                   |  1- 3 |  4- 6 || total
-------------------------+-------+-------++-------
Melee: Falchion          |   181 |    23 ||   204
  Use: Scroll            |     8 |       ||     8
 Stab: Sleeping          |     1 |       ||     1
  Eat: Chunk             |     5 |     2 ||     7
